 Dungeon Crawl Stone Soup version 0.28-b1-1-g3c77fb2ed1 (webtiles) character file.

Game seed: 8174996849642363307

42 MarioGrandma the Ruffian (level 3, 0/54 HPs)
             Began as a Troll Berserker on Jan 29, 2022.
             Was a Believer of Trog.
             Slain by an orc (2 damage)
             ... on level 2 of the Dungeon.
             The game lasted 00:13:17 (690 turns).

MarioGrandma the Ruffian (Troll Berserker)           Turns: 690, Time: 00:13:18

Health: 0/54       AC:  4    Str: 27    XL:     3   Next: 33%
Magic:  2/2        EV: 10    Int:  3    God:    Trog [**....]
Gold:   44         SH:  0    Dex:  9    Spells: 2/2 levels left

rFire   . . .      SeeInvis .   d - +1 short sword (freeze)
rCold   . . .      Faith    .   (no shield)
rNeg    . . .      Spirit   .   a - +0 animal skin
rPois   .          Reflect  .   (helmet restricted)
rElec   .          Harm     .   (no cloak)
rCorr   .          Rampage  .   (gloves unavailable)
Will    .....                   (boots unavailable)
Stlth   ..........              (no amulet)
HPRegen 0.98/turn               (no ring)
MPRegen 0.08/turn               (no ring)

@: berserking (expiring), very quick
A: large, unfitting armour, claws 3, regeneration 1, shaggy fur 1, tough skin 1
a: Renounce Religion, Berserk, Trog's Hand


You were on level 2 of the Dungeon.
You worshipped Trog.
Trog was pleased with you.
You visited 1 branch of the dungeon, and saw 2 of its levels.

You collected 44 gold pieces.

Inventory:

Hand Weapons
 b - a +0 club
 d - a +1 short sword of freezing (weapon)
Missiles
 c - 7 stones (quivered)
 e - 6 datura-tipped darts
Armour
 a - a +0 animal skin (worn)
 f - a +0 leather armour
 g - the +0 helmet of the Turtledove {rN+ Str+4 Dex-2}
   (You found it on level 2 of the Dungeon)

   Str:       It affects your strength (+4).
   Dex:       It affects your dexterity (-2).
   rN:        It protects you from negative energy.


   Skills:
 + Level 2.9 Fighting
 + Level 2.9 Dodging
 + Level 3.4 Unarmed Combat


You had 2 spell levels left.
You didn't know any spells.
Your spell library contained the following spells:

 Spells                   Type           Power      Damage    Failure   Level
 Summon Guardian Golem    Hex/Summ       0%         N/A       88%         3
 Orb of Destruction       Conj           0%         9d5       100%        7
 Spellforged Servitor     Conj/Summ      0%         N/A       100%        7


Dungeon Overview and Level Annotations

Branches:
Dungeon (2/15)

Altars:
Trog


Innate Abilities, Weirdness & Mutations

You are too large for most types of armour.
You have claws for hands.
Your natural rate of healing is unusually fast.
You are covered in fur. (AC +1)
You have tough skin. (AC +1)


Message History

The orc is almost dead.
The orc closely misses you.
You barely miss the orc.
The orc is almost dead.
The orc barely misses you. The orc hits you but does no damage.
You barely miss the orc. You claw the orc.
You kill the orc!
Trog accepts your kill.
You can now call upon Trog for regeneration and willpower.
The orc priest barely misses you. The orc hits you with a +0 mace.
The orc hits you with a +0 hand axe.
You puncture the orc priest! You freeze the orc priest.
The orc priest is severely wounded.
You hit the orc priest. You freeze the orc priest.
The orc priest is almost dead.
The orc priest barely misses you. The orc hits you with a +0 mace!
The orc barely misses you.
You barely miss the orc priest.
The orc priest is almost dead.
The orc priest invokes the aid of Beogh against you.
Pain shoots through your body! The orc misses you. The orc barely misses you.
You barely miss the orc priest.
The orc priest is almost dead.
The orc priest hits you with a +0 flail.
You barely miss the orc priest.
The orc priest is almost dead.
The orc hits you with a +0 mace.
* * * LOW HITPOINT WARNING * * *
The orc hits you with a +0 hand axe.
* * * LOW HITPOINT WARNING * * *
You closely miss the orc priest.
The orc priest is almost dead.
The orc priest hits you with a +0 flail!
* * * LOW HITPOINT WARNING * * *
The orc closely misses you. The orc hits you but does no damage.
You closely miss the orc.
The orc priest hits you with a +0 flail.
* * * LOW HITPOINT WARNING * * *
The orc closely misses you. The orc hits you with a +0 hand axe.
You die...

#.#
#.#..#.#...##.#
#.#
..#...........#
#.#
#.##..#.########
#.#
................
#####.#.########
#...# ##..##
##...######
#.)@o......
#.#oo#####.
#.#...# ..#...#
#####..# ...
.... ..>.#


You could see an orc priest and 2 orcs.

Vanquished Creatures
  2 adders (D:2)
  2 orcs (D:2)
  A bat (D:2)
  2 giant cockroaches (D:1)
  4 goblins
  A hobgoblin (D:2)
  2 ball pythons
  A frilled lizard (D:1)
  4 kobolds
  2 rats (D:2)
21 creatures vanquished.

Notes
Turn   | Place    | Note
-------+----------+-------------------------------------------
     0 | D:1      | MarioGrandma the Troll Berserker began the quest for the
                  | Orb.
     0 | D:1      | Reached XP level 1. HP: 22/22 MP: 0/0
   168 | D:1      | Reached XP level 2. HP: 29/29 MP: 1/1
   355 | D:2      | Found a bloodstained altar of Trog.
   374 | D:2      | Identified the +0 helmet of the Turtledove {rN+ Str+4
                  | Dex-2}
   442 | D:2      | Reached XP level 3. HP: 27/36 MP: 2/2
   600 | D:2      | Reached ** piety under Trog
   690 | D:2      | HP: 2/54 [orc priest (4)]
   690 | D:2      | Slain by an orc

Illustrated notes

Levels and vault maps discovered:
D:1:      tarquinn_simple_flora_water_d, layout_loops_corners,
          shapermc_ecumenical_altar_hornbeckon, minmay_tall_x
D:2:      layout_basic, basic_altar, minmay_misc_feat_roman

Action                   || total
-------------------------++-------
Melee: Unarmed           ||     6
       Short sword       ||    67
       Club              ||     5
       Punch             ||     3
Invok: Berserk           ||     1
  Use: Scroll            ||     2
Armor: Animal skin       ||    25
Dodge: Dodged            ||    43
